 Dungeon Crawl Stone Soup version 0.30-a0-743-gbfdf073431 (webtiles) character file.

Game seed: 11497439804737698054

21 sircluck the Shooter (level 2, -1/15 HPs)
             Began as a Spriggan Hunter on Feb 7, 2023.
             Slain by a hobgoblin (5 damage)
             ... on level 2 of the Dungeon.
             The game lasted 00:01:22 (821 turns).

sircluck the Shooter (Spriggan Hunter)               Turns: 821, Time: 00:01:22

Health: -1/15      AC:  2    Str:  7    XL:     2   Next: 65%
Magic:  3/3        EV: 18    Int: 10    God:
Gold:   29         SH:  0    Dex: 18    Spells: 1/1 levels left

rFire   . . .      SeeInvis +    a - +0 shortbow
rCold   . . .      Faith    .    (shield currently unavailable)
rNeg    . . .      Spirit   .    c - +0 robe
rPois   .          Reflect  .    (helmet restricted)
rElec   .          Harm     .    (no cloak)
rCorr   .          Rampage  .    (gloves unavailable)
Will    .....                    (boots unavailable)
Stlth   ++                       (no amulet)
HPRegen 0.22/turn                (no ring)
MPRegen 0.08/turn                (no ring)

@: very quick
A: very small, no large weapons, unfitting armour, see invisible, speed 3
a: no special abilities


You were on level 2 of the Dungeon.
You visited 1 branch of the dungeon, and saw 2 of its levels.

You collected 29 gold pieces.

Inventory:

Hand Weapons
 a - a +0 shortbow (weapon)
Missiles
 i - 5 boomerangs
 j - 8 stones
Armour
 c - a +0 robe (worn)
Jewellery
 m - a ring of resist corrosion
Scrolls
 b - 5 scrolls of immolation
 d - 3 scrolls of identify {unknown}
 e - a scroll of magic mapping {unknown}
 f - a scroll of vulnerability {unknown}
 g - a scroll of noise {unknown}
 k - a scroll of brand weapon {unknown}
Potions
 h - 2 potions of haste {unknown}
 l - a potion of curing {unknown}


   Skills:
 + Level 1.8 Fighting
 + Level 4.5 Ranged Weapons
 + Level 3.1 Dodging
 + Level 1.5 Stealth


You had one spell level left.
You didn't know any spells.
Your spell library was empty.

Dungeon Overview and Level Annotations

Branches:
Dungeon (2/15)

Altars:


Innate Abilities, Weirdness & Mutations

You are very small and have problems with some larger weapons.
You are too small for most types of armour.
You have supernaturally acute eyesight. (SInv)
You cover ground extremely quickly. (Speed+++)


Message History

You shoot an arrow. The arrow hits the ball python!
You kill the ball python!
A hobgoblin comes into view.
You shoot an arrow. The arrow hits the hobgoblin.
You kill the hobgoblin!
You open the door.
Found a stone staircase leading down.
There is an open door here.
Done exploring.
There is a stone staircase leading down here.
You climb downwards.
Found a book of Geomancy.
There is a stone staircase leading up here.
You shoot an arrow. The arrow hits the gnoll.
The gnoll is heavily wounded.
You hear a shout! x2
A bat comes into view.
The bat misses you.
Fire: a) +0 shortbow
Press: ? - help, Q - select action, (/) - cycle Shift-Dir - straight line, f/p - gnoll
Aim: a gnoll, wielding a +0 flail (heavily wounded, 66% to hit)
You shoot an arrow. The arrow hits the gnoll!
The gnoll is heavily wounded.
The bat closely misses you.
A gnoll comes into view. It is wielding a +0 club.
You shoot an arrow. The arrow barely misses the bat.
The bat hits you but does no damage. The bat completely misses you.
A hobgoblin comes into view.
You shoot an arrow. The arrow hits the bat.
You kill the bat!
The gnoll barely misses you.
You shoot an arrow. The arrow hits the gnoll!
The gnoll is almost dead.
The hobgoblin hits you. The gnoll completely misses you.
The gnoll hits you from afar with a +0 spear.
* * * LOW HITPOINT WARNING * * *
Found 17 gold pieces.
Found an escape hatch in the floor.
Found a stone staircase leading up and a stone staircase leading down.
The hobgoblin hits you.
You die...

###
#...###########
#.>.........$..
...........<#
#.#@## #..g<#
#.###g.# ..>
g..:. #.#
g###.# #. .# ..
# .# .. ..


You could see 2 gnolls and a hobgoblin.

Vanquished Creatures
  A dart slug (D:1)
  4 endoplasms (D:1)
  A giant cockroach (D:1)
  A hobgoblin (D:1)
  A kobold (D:1)
  2 ball pythons (D:1)
  A bat (D:2)
  A frilled lizard (D:1)
  9 rats (D:1)
21 creatures vanquished.

Notes
Turn   | Place    | Note
-------+----------+-------------------------------------------
     0 | D:1      | sircluck the Spriggan Hunter began the quest for the Orb.
     0 | D:1      | Reached XP level 1. HP: 10/10 MP: 2/2
   136 | D:1      | Reached XP level 2. HP: 15/15 MP: 3/3
   821 | D:2      | Slain by a hobgoblin

Illustrated notes

Levels and vault maps discovered:
D:1:      dpeg_arrival_ratfight, layout_basic
D:2:      layout_loops_ring

Skill      XL: |  1  2 |
---------------+-------+-----
Dodging        | 3 |  3.1
Fighting       | |  1.8
Ranged Weapons | |  4.5
Stealth        | |  1.5

Action                     || total
---------------------------++-------
   Fire: Shortbow          ||    34
 Armour: Robe              ||     1
  Dodge: Dodged            ||     7

Table legend: (Time is in decaauts)
 A = Elapsed time spent in this place.
 B = Non-inter-level travel time spent in this place.
 C = Inter-level travel time spent in this place.
 D = Time resting spent in this place.
 E = Time spent auto-exploring this place.
 F = Levels seen in this place.
 G = Mean time per level.
                   A        B        C        D        E       F      G
               +--------+--------+--------+--------+--------+-----+--------+
         Total |    535 |    490 |     45 |      0 |    401 |   2 |  267.5 |
       Dungeon |    535 |    490 |     45 |      0 |    401 |   2 |  267.5 |
               +--------+--------+--------+--------+--------+-----+--------+

Top non-repeatable levels by time:
     D:1: 527 daAuts
     D:2: 7 daAuts
